 Dungeon Crawl Stone Soup version 0.16.0-16-g311141a (webtiles) character file.

1314 McCoppin the Covert (level 8, 0/49 HPs)
             Began as an Octopode Summoner on Mar 19, 2015.
             Was a Believer of Okawaru.
             Succumbed to a centaur's poison
             ... on level 6 of the Dungeon.
             The game lasted 00:23:09 (7867 turns).

McCoppin the Covert (Octopode Summoner)             Turns: 7867, Time: 00:23:10

Health: 0/49       AC:  1    Str: 12    XL:     8   Next: 58%
Magic:  11/13      EV: 12    Int: 22    God:    Okawaru [**....]
Gold:   302        SH:  0    Dex: 13    Spells: 2 memorised, 7 levels left

rFire  . . .     SeeInvis .     a - +0 dagger (drain)
rCold  . . .     Clarity  .     (no shield)
rNeg   . . .     SustAb   .     (helmet restricted)
rPois  .         Gourm    .     (no amulet)
rElec  .         Spirit   .     (no ring)
rCorr  .         Warding  .     (no ring)
rMut   .         Stasis   .     (no ring)
MR     .....                    (no ring)
Stlth  +++++++...               (no ring)
                                (no ring)
                                (no ring)
                                (no ring)

@: mighty, brilliant, lethally poisoned (0 -> -4), not resistant to hostile
enchantments, extremely stealthy
A: almost no armour, amphibious, 8 rings, constrict 8, camouflage 1, blurry
vision 1, clumsy 1, frail 1, gelatinous body 1
a: Heroism, Renounce Religion


You were on level 6 of the Dungeon.
You worshipped Okawaru.
Okawaru was pleased with you.
You were hungry.

You visited 2 branches of the dungeon, and saw 7 of its levels.

You collected 302 gold pieces.

Inventory:

Hand weapons
 a - a +0 dagger of draining (weapon)
 b - the +4 blowgun of Offence {speed, rPois MR+}
   (You found it on level 6 of the Dungeon)

   Attacks with this weapon are significantly faster.
   It protects you from poison.
   It affects your resistance to hostile enchantments.
 g - a +0 falchion
Missiles
 h - 19 poisoned needles
 s - 7 javelins (quivered)
Scrolls
 e - a scroll of random uselessness
 f - 2 scrolls of teleportation
 i - 2 scrolls of remove curse
 l - a scroll of recharging {unknown}
 m - 2 scrolls of amnesia
 n - a scroll of enchant armour {unknown}
 u - 2 scrolls of fog {unknown}
 v - a scroll of magic mapping {unknown}
 w - 2 scrolls of identify
 y - a scroll of enchant weapon {unknown}
 A - a scroll of acquirement {unknown}
 C - a scroll of blinking {unknown}
Potions
 d - a potion of degeneration
 k - a potion of magic
 o - a potion of resistance
Books
 t - a book of Clouds

   Spells                             Type                      Level
   a - Mephitic Cloud                 Conjuration/Poison/Air       3
   b - Conjure Flame                  Conjuration/Fire             3
   c - Poisonous Cloud                Conjuration/Poison/Air       6
   d - Freezing Cloud                 Conjuration/Ice/Air          6
   e - Ring of Flames                 Charms/Fire                  7
 z - a book of Callings

   Spells                             Type                      Level
   a - Summon Small Mammal            Summoning                    1
   b - Call Imp                       Summoning                    2
   c - Call Canine Familiar           Summoning                    3
   d - Summon Guardian Golem          Hexes/Summoning              4
   e - Summon Lightning Spire         Summoning/Air                4
   f - Summon Ice Beast               Ice/Summoning                4
Comestibles
 c - 2 bread rations
 j - 3 fruits
 p - 2 chunks of flesh
 q - 2 slices of pizza
 r - 3 meat rations


   Skills:
 + Level 5.0 Fighting
 + Level 5.2 Long Blades
 - Level 2.0 Dodging
 - Level 10.0 Stealth
 - Level 2.0 Spellcasting
 - Level 4.0 Summonings


You had 7 spell levels left.
You knew the following spells:

 Your Spells              Type           Power        Failure   Level  Hunger
a - Summon Small Mammal   Summ           ####         1%          1    #......
b - Call Canine Familiar  Summ           ####....     1%          3    ###....


Dungeon Overview and Level Annotations

Branches:
Dungeon (6/15)             Temple (1/1) D:4

Altars:
Ashenzari
Cheibriados
Dithmenos
Elyvilon
Fedhas
Gozag
Kikubaaqudgha
Makhleb
Nemelex Xobeh
Okawaru
Qazlal
Ru
Sif Muna
Trog
Vehumet
Xom
Yredelemnul
Zin
The Shining One


Innate Abilities, Weirdness & Mutations

You cannot wear most types of armour.
You are amphibious.
You can wear up to eight rings at the same time.
You can use your tentacles to constrict many enemies at once.
Your skin changes colour to match your surroundings (Stealth).
Your rubbery body absorbs attacks (AC +1).
Scrolls take you a little longer to read.
You are clumsy. (Dex -2)
You are frail (-10% HP).


Message History

Your hound closely misses the adder zombie.
The adder zombie barely misses you.
Drink which item? (? for menu, Esc to quit)
It was a potion of brilliance.
You feel clever all of a sudden.
* * * LOW HITPOINT WARNING * * *
You feel sick.
Your hound closely misses the adder zombie.
The adder zombie bites you.
* * * LOW HITPOINT WARNING * * *
Your hound bites the adder zombie.
Read which item? (? for menu, Esc to quit)
Okay, then.
Okay, then.
Casting: Call Canine Familiar
Confirm with . or Enter, or press ? or * to list all spells.
Okay, then.
Drink which item? (? for menu, Esc to quit)
Okay, then.
You die...

#.≈≈ ≈≈≈≈≈≈........#..###
#.≈≈ ≈≈≈≈≈≈≈≈≈..........)...
#.≈≈≈≈≈≈≈≈≈≈≈≈≈..............
#.≈≈≈≈≈≈≈≈≈≈≈≈≈.....÷.#.#....
#.≈≈≈≈≈≈≈≈≈≈≈≈≈.............#
≈≈≈≈...≈≈≈≈≈....##.....###
≈≈≈≈...≈≈≈≈≈...........#
≈≈≈≈≈...≈≈≈≈≈...........##
≈≈≈≈≈≈≈cZ(@≈≈............#
≈≈≈≈≈≈≈≈≈h≈≈≈#...........#
≈≈≈≈≈≈≈l≈≈≈≈(...........#
≈≈≈≈≈≈≈≈≈≈≈≈.###.#####..#
≈≈≈≈≈≈≈≈≈≈≈≈.# #.# #..#
............# #.# #..#
############ #.# #..# #.#
##.# #.# #..


You could see a centaur, an adder zombie, a giant gecko and a friendly hound.

Vanquished Creatures
  Eustachio (D:6)
  An ice beast (D:6)
  A sky beast (D:5)
  An ogre (D:5)
  A phantom (D:5)
  A scorpion (D:5)
  2 goliath beetles (D:6)
  A crimson imp (D:5)
  A jelly (D:5)
  2 hounds (D:5)
  An orc priest (D:3)
  A giant frog skeleton (D:6)
  2 iguanas (D:6)
  An orc wizard (D:6)
  5 worker ants
  Ijyb (D:4)
  7 adders
  2 giant mites
  A shadow imp (D:6)
  A worm (D:2)
  An adder zombie (D:5)
  4 giant geckos
  16 orcs
  9 bats
  2 giant cockroaches
  9 goblins
  15 hobgoblins
  6 jackals
  5 kobolds
  3 quokkas
  2 ball pythons
  A giant gecko zombie (D:5)
  3 giant newts
  12 rats
  2 butterflies (D:4)
124 creatures vanquished.

Vanquished Creatures (collateral kills)
  An ogre (D:4)
  A water moccasin skeleton (D:5)
  A hound (D:5)
  A giant frog skeleton (D:4)
  2 adders (D:2)
  A worm (D:2)
  An orc (D:6)
  2 kobolds (D:1)
  A goblin (D:2)
  5 jackals
  A rat (D:1)
17 creatures vanquished.

Vanquished Creatures (others)
  A hound (D:6)
  2 bats (D:1)
  A quokka (D:1)
  A rat (D:1)
5 creatures vanquished.

Grand Total: 146 creatures vanquished

Notes
Turn   | Place    | Note
--------------------------------------------------------------
     0 | D:1      | McCoppin, the Octopode Summoner, began the quest for the Orb.
     0 | D:1      | Reached XP level 1. HP: 11/11 MP: 3/3
   245 | D:1      | Reached XP level 2. HP: 17/17 MP: 4/4
  1964 | D:1      | Reached XP level 3. HP: 18/21 MP: 0/6
  1969 | D:1      | Learned a level 3 spell: Call Canine Familiar
  2017 | D:1      | Reached skill level 5 in Stealth
  2041 | D:2      | Found a radiant altar of Vehumet.
  2444 | D:2      | Reached XP level 4. HP: 27/27 MP: 7/7
  2479 | D:2      | Reached skill level 6 in Stealth
  3515 | D:3      | Reached skill level 7 in Stealth
  3521 | D:3      | Reached XP level 5. HP: 28/31 MP: 9/9
  3881 | D:4      | Reached skill level 8 in Stealth
  3923 | D:4      | Found a staircase to the Ecumenical Temple.
  3928 | Temple   | Entered the Ecumenical Temple
  4043 | Temple   | Became a worshipper of Warmaster Okawaru
  4610 | D:4      | Found a shattered altar of Ashenzari.
  4724 | D:4      | Reached XP level 6. HP: 36/36 MP: 10/10
  4819 | D:4      | Reached skill level 9 in Stealth
  5158 | D:4      | Noticed Ijyb
  5170 | D:4      | Killed Ijyb
  5511 | D:5      | Entered Level 5 of the Dungeon
  5585 | D:5      | Found a shimmering altar of Xom.
  5585 | D:5      | Found a bloodstained altar of Trog.
  5586 | D:5      | Found a glowing golden altar of the Shining One.
  5771 | D:5      | Reached skill level 10 in Stealth
  5840 | D:5      | Found an ancient bone altar of Kikubaaqudgha.
  5878 | D:5      | Reached XP level 7. HP: 29/42 MP: 12/12
  5990 | D:5      | Reached skill level 1 in Fighting
  5990 | D:5      | Reached skill level 1 in Long Blades
  6080 | D:5      | Acquired Okawaru's first power
  6197 | D:5      | Gained mutation: Scrolls take you a little longer to read. [mutagenic meat]
  6198 | D:5      | Gained mutation: You are clumsy. (Dex -2) [mutagenic meat]
  6199 | D:5      | Gained mutation: You are frail (-10% HP). [mutagenic meat]
  6407 | D:5      | Found a sacrificial altar of Ru.
  6407 | D:5      | Found a burning altar of Makhleb.
  6407 | D:5      | Found a basalt altar of Yredelemnul.
  6411 | D:5      | Found a blossoming altar of Fedhas.
  6416 | D:5      | Found a shadowy altar of Dithmenos.
  6460 | D:5      | Reached XP level 8. HP: 35/46 MP: 7/13
  6700 | D:6      | Got a crude blowgun
  6727 | D:6      | Identified the +4 blowgun of Offence {speed, rPois MR+} (You found it on level 6 of the Dungeon)
  7226 | D:6      | Noticed Eustachio
  7445 | D:6      | Killed Eustachio
  7490 | D:6      | Reached skill level 5 in Long Blades
  7690 | D:6      | Found a snail-covered altar of Cheibriados.
  7702 | D:6      | Reached skill level 5 in Fighting
  7866 | D:6      | HP: 1/49 [adder zombie (3)]
  7867 | D:6      | Succumbed to a centaur's poison

Action                   |  1- 3 |  4- 6 |  7- 9 || total
-------------------------+-------+-------+-------++-------
Melee: Dagger            |    49 |   124 |    73 ||   246
 Fire: Blowgun           |       |       |    17 ||    17
 Cast: Summon Small Mamm |    10 |       |       ||    10
       Call Canine Famil |     3 |     4 |     6 ||    13
  Use: Scroll            |       |     5 |     2 ||     7
       Potion            |       |       |     2 ||     2
 Stab: Sleeping          |    11 |    28 |    12 ||    51
       Distracted        |     2 |       |       ||     2
  Eat: Chunk             |     4 |    10 |     5 ||    19
       Royal jelly       |       |     1 |       ||     1
       Bread ration      |       |       |     1 ||     1
